 Dungeon Crawl Stone Soup version 0.25-a0-860-gf695395b5c (webtiles) character file.

Game seed: 11008775370311046598, levelgen mode: deterministic

33 Esekla the Charmwright (level 3, -1/20 HPs)
             Began as a Deep Elf Skald on Apr 28, 2020.
             Slain by an iguana (9 damage)
             ... on level 4 of the Dungeon.
             The game lasted 00:07:55 (2263 turns).

Esekla the Charmwright (Deep Elf Skald)             Turns: 2263, Time: 00:07:55

Health: -1/20      AC:  7    Str:  8    XL:     3   Next: 12%
Magic:  7/10       EV: 13    Int: 17    God:
Gold:   70         SH:  0    Dex: 15    Spells: 1/9 levels left

rFire    . . .     SeeInvis .   a - +0 falchion
rCold    . . .     Gourm    .   (no shield)
rNeg     . . .     Faith    .   f - +0 robe (curse)
rPois    .         Spirit   .   (no helmet)
rElec    .         Reflect  .   (no cloak)
rCorr    .         Harm     .   (no gloves)
MR       .....                  (no boots)
Stlth    +.........             (no amulet)
HPRegen  0.06/turn              (no ring)
MPRegen  0.12/turn              (no ring)

@: icy armour
A: no striking features
a: no special abilities


You were on level 4 of the Dungeon.
You were hungry.

You visited 1 branch of the dungeon, and saw 4 of its levels.

You collected 70 gold pieces.

Inventory:

Hand Weapons
 a - a +0 falchion (weapon)
Armour
 b - a +0 leather armour
 f - a cursed +0 robe (worn)
Scrolls
 h - 2 scrolls of amnesia {unknown}
 j - a scroll of remove curse {unknown}
Potions
 c - a potion of resistance {unknown}
 e - a potion of curing {unknown}
 g - a potion of ambrosia {unknown}
 i - a potion of flight {unknown}
 k - a potion of haste {unknown}
 l - a potion of heal wounds {unknown}
 m - a potion of invisibility {unknown}
Comestibles
 d - 5 rations


   Skills:
 - Level 1.5 Fighting
 + Level 2.4 Long Blades
 + Level 1.0 Armour
 + Level 3.0 Dodging
 + Level 3.5 Spellcasting
 - Level 4.4 Charms


You had one spell level left.
You knew the following spells:

 Your Spells              Type           Power        Failure   Level  Hunger
a - Ozocubu's Armour      Chrm/Ice       ##......     21%         3    ###....
c - Infusion              Chrm           ###.         2%          1    None
g - Shroud of Golubria    Chrm/Tloc      ##....       10%         2    ##.....
s - Song of Slaying       Chrm           ###.....     4%          2    ##.....

Your spell library contained the following spells:

 Spells                   Type           Power        Failure   Level  Hunger
 Beastly Appendage        Tmut           #.....       17%         1    None
 Spectral Weapon          Hex/Chrm       ##......     21%         3    ###....
 Sticks to Snakes         Tmut           #.......     26%         2    ##.....
 Spider Form              Tmut/Pois      #.........   45%         3    ###....
 Ice Form                 Ice/Tmut       #.......     86%         4    ####...
 Blade Hands              Tmut           #.........   99%         5    ######.


Dungeon Overview and Level Annotations

Branches:
Dungeon (4/15)
 Temple: D:4-7

Altars:

Annotations:
D:2 Sigmund


Message History

Found a puce potion.
m - a puce potion An iguana comes into view.
Found a stone staircase leading down.
Found 18 gold pieces.
You see here 18 gold pieces.
You now have 70 gold pieces (gained 18).
Casting: Ozocubu's Armour (dangerous; 21% risk of failure)
Confirm with . or Enter, or press ? or * to list all spells.
A film of ice covers your body! The iguana completely misses you.
You completely miss the iguana. The iguana bites you!
Ouch! That really hurt!
You barely miss the iguana. The iguana misses you.
You closely miss the iguana. The iguana misses you.
You riposte.
You hit the iguana.
The iguana is moderately wounded.
You hit the iguana but do no damage.
The iguana is moderately wounded.
The iguana bites you!
You die...

# .#.#
######.#.#
#@.......
#l####.#. ##
.#.###.#....#
.......>......#
#.#######.##.#
#............#
#..#.####.####
####. #......#
......#†#######


You could see an iguana.

Vanquished Creatures
  A worm (D:3)
  A dart slug (D:1)
  A leopard gecko (D:4)
  A ball python (D:1)
  2 bats
  2 giant cockroaches (D:1)
  3 goblins
  2 hobgoblins (D:1)
  4 frilled lizards (D:1)
  6 kobolds
  2 rats (D:1)
25 creatures vanquished.

Notes
Turn   | Place    | Note
-------+----------+-------------------------------------------
     0 | D:1      | Esekla the Deep Elf Skald began the quest for the Orb.
     0 | D:1      | Reached XP level 1. HP: 12/12 MP: 6/6
   410 | D:2      | Noticed Sigmund
   468 | D:1      | Reached skill level 1 in Armour
   468 | D:1      | Reached XP level 2. HP: 15/16 MP: 8/8
   492 | D:1      | Learned a level 2 spell: Shroud of Golubria
  2032 | D:3      | Reached XP level 3. HP: 11/20 MP: 10/10
  2037 | D:3      | Learned a level 3 spell: Ozocubu's Armour
  2040 | D:3      | Learned a level 2 spell: Song of Slaying
  2263 | D:4      | Slain by an iguana

Levels and vault maps discovered:
D:1:      dpeg_cavernosity, layout_basic, serial_forest,
          infiniplex_forest_end_2, infiniplex_forest_fountain,
          infiniplex_forest_straight_4, infiniplex_forest_straight_4,
          infiniplex_forest_lined_2, corexii_item_surrounded_by_moat,
          lemuel_another_geyser
D:2:      layout_rooms, uniq_sigmund
D:3:      layout_basic, chequers_ecumenical_altar_simple_redux
D:4:      layout_basic, eat_drink_and_be_merry_uskayaw, first_ration

Skill      XL: |  1  2 |
---------------+-------+-----
Long Blades    | 2 |  2.4
Armour         | 1 |  1.0
Dodging        | 3 |  3.0
Fighting       | |  1.5
Spellcasting   | |  3.5
Charms         | |  4.4

Action                   || total
-------------------------++-------
Melee: Falchion          ||    73
 Cast: Ozocubu's Armour  ||     2
 Stab: Sleeping          ||     2
  Eat: Ration            ||     1
Armor: Leather armour    ||     3
       Robe              ||    13
Dodge: Dodged            ||    62
       Rpst.: Falchion   ||    29

Table legend:
 A = Non-vault XP
 B = Vault XP
 C = Vault XP percentage of total XP
 D = Non-vault monster count
 E = Vault monster count
 F = Vault count percentage of total count
                 A         B        C        D         E       F
            +---------+---------+-------+---------+---------+-------
      Total |      42 |       6 |  12.5 |      21 |       4 |  16.0
            +---------+---------+-------+---------+---------+-------
        D:1 |      26 |       6 |  18.8 |      15 |       4 |  21.1
        D:3 |      13 |       0 |   0.0 |       5 |       0 |   0.0
        D:4 |       3 |       0 |   0.0 |       1 |       0 |   0.0
            +---------+---------+-------+---------+---------+-------
